 Dungeon Crawl Stone Soup version 0.17-a0-1719-g1afd5a1 (webtiles) character file.

8951 nubinia the Destroyer (level 11, -6/51 HPs)
             Began as a Tengu Conjurer on Aug 28, 2015.
             Was a High Priest of Sif Muna.
             Mangled by a blink frog (11 damage)
             ... on level 2 of the Lair of Beasts.
             The game lasted 01:24:02 (12828 turns).

nubinia the Destroyer (Tengu Conjurer)             Turns: 12828, Time: 01:24:02

Health: -6/51      AC: 21    Str:  8    XL:     11   Next: 38%
Magic:  7/21       EV: 16    Int: 18    God:    Sif Muna [*****.]
Gold:   644        SH:  7    Dex: 19    Spells: 5 memorised, 8 levels left

rFire  . . .     SeeInvis +     p - +1 flail (protect)
rCold  . . .     Clarity  .     t - +1 leather armour {MR+}
rNeg   . . .     SustAt   .     z - +2 buckler
rPois  +         Gourm    .     (helmet restricted)
rElec  .         Spirit   .     D - +2 cloak "Xiqedi" {rPois Regen+}
rCorr  .         Warding  .     l - +2 pair of gloves {Dex+3}
rMut   .         Stasis   .     (boots unavailable)
MR     +....                    (no amulet)
Stlth  ++++......               U - ring of wizardry
                                y - ring of see invisible (curse)

@: somewhat resistant to hostile enchantments, stealthy
A: beak, talons 3, iridescent scales 1, yellow scales 1, frail 1, subdued magic
1, able to fly 1
a: Fly, Channel Energy, Forget Spell, Renounce Religion


You were on level 2 of the Lair of Beasts.
You worshipped Sif Muna.
Sif Muna was extremely pleased with you.
You were near starving.

You visited 2 branches of the dungeon, and saw 12 of its levels.
You also visited: Ossuary.

You collected 857 gold pieces.
You spent 213 gold pieces at shops.

Inventory:

Hand weapons
 a - a +1 dagger of draining
 b - a +0 blowgun
 e - a +0 dagger
 p - a +1 flail of protection (weapon)
 L - a +1 short sword of draining
 P - the +7 morningstar "Morowem" {vamp, Str+3, unknown}
   (You found it on level 8 of the Dungeon)

   It inflicts no extra harm, but heals its wielder somewhat when it strikes a
   living foe.
   It affects your strength (+3).
Missiles
 s - 39 poisoned needles
Armour
 l - a +2 pair of gloves of dexterity (worn)
 m - a +0 robe
 t - a +1 leather armour of magic resistance (worn)
 z - a +2 buckler (worn)
 D - the +2 cloak "Xiqedi" (worn) {rPois Regen+}
   (You bought it in a shop on level 5 of the Dungeon)

   It protects you from poison.
   It increases your rate of regeneration.
 E - a +2 cloak
 F - a +2 robe
Jewellery
 u - an uncursed ring of sustain attributes
 y - a cursed ring of see invisible (left hand)
 S - a +3 ring of intelligence
 U - a ring of wizardry (right hand)
Magical devices
 o - a wand of fire (3)
 w - a wand of confusion (40)
 G - a wand of lightning (5)
 J - a wand of confusion (29)
 O - a wand of polymorph (9)
Scrolls
 g - 2 scrolls of noise
 h - 4 scrolls of remove curse
 q - 3 scrolls of recharging
 B - 2 scrolls of enchant armour
 I - a scroll of identify
 M - 2 scrolls of magic mapping
 R - a scroll of enchant weapon
 T - a scroll of teleportation
Potions
 j - a potion of magic
 n - 3 potions of might
 v - 2 potions of cure mutation
 A - 3 potions of brilliance
 C - a potion of cancellation
 H - 3 potions of lignification
 K - a potion of haste
Books
 r - a book of Conjurations

   Spells                             Type                      Level
   a - Magic Dart                     Conjuration                  1
   b - Searing Ray                    Conjuration                  2
   c - Dazzling Spray                 Conjuration/Hexes            3
   d - Fulminant Prism                Conjuration/Hexes            4
   e - Iskenderun's Mystic Blast      Conjuration                  4
   f - Iskenderun's Battlesphere      Conjuration/Charms           5
 N - a Necronomicon

   Spells                             Type                      Level
   a - Haunt                          Necromancy/Summoning         7
   b - Borgnjor's Revivification      Necromancy                   8
   c - Death's Door                   Charms/Necromancy            8
   d - Necromutation                  Transmutation/Necromancy     8
 Q - a book of Burglary

   Spells                             Type                      Level
   a - Swiftness                      Charms/Air                   2
   b - Passwall                       Transmutation/Earth          3
   c - Passage of Golubria            Translocation                4
   d - Lee's Rapid Deconstruction     Earth                        5
   e - Darkness                       Hexes                        6
   f - Invisibility                   Hexes                        6
Comestibles
 c - 11 bread rations
 d - 2 beef jerkies
 f - 4 fruits
 k - 8 slices of pizza


   Skills:
 + Level 2.1 Fighting
 + Level 2.5 Short Blades
 + Level 0.7 Throwing
 + Level 3.2 Armour
 + Level 7.0 Dodging
 + Level 6.6 Stealth
 + Level 3.3 Shields
 * Level 6.5 Spellcasting
 * Level 11.4 Conjurations
 + Level 1.9 Hexes
 * Level 3.7 Charms
 * Level 7.2 Air Magic
 + Level 4.4 Invocations


You had 8 spell levels left.
You knew the following spells:

 Your Spells              Type           Power        Failure   Level  Hunger
a - Magic Dart            Conj           ####         0%          1    None
b - Dazzling Spray        Conj/Hex       ###.....     1%          3    ##.....
c - Iskenderun's Mystic   Conj           ####....     1%          4    ####...
d - Swiftness             Chrm/Air       ###.....     1%          2    None
i - Iskenderun's Battles  Conj/Chrm      ###.....     5%          5    #####..


Dungeon Overview and Level Annotations

Branches:
Dungeon (10/15)            Temple (0/1) D:4            Lair (2/8) D:9
    Orc (0/4) D:10

Altars:
Ashenzari
Cheibriados
Dithmenos
Elyvilon
Fedhas
Okawaru
Qazlal
Sif Muna
Trog
Xom
Zin

Shops:
D:5 [   D:10 *

Annotations:
D:7 exclusion: moth of wrath
D:9 exclusions: ice statue and orange crystal statue
Lair:1 shakdrar's ghost, experienced TrMo


Innate Abilities, Weirdness & Mutations

You have a beak for a mouth.
You have claws for feet.
You can fly.
You are partially covered in iridescent scales (AC +4).
You are partially covered in yellow scales (AC +2).
You are frail (-10% HP).
Your spells are a little easier to cast, but a little less powerful.


Message History

The blink frog blinks!
The blink frog completely misses the plant.
The blink frog blinks!
Casting: Dazzling Spray
Confirm with . or Enter, or press ? or * to list all spells.
Aiming: Dazzling Spray
Press: ? - help, Shift-Dir - straight line, f - blink frog
Aim: a blink frog The spray of energy hits the blink frog.
The blink frog is moderately wounded.
The blink frog is dazzled.
The spray of energy hits the blink frog.
The blink frog is moderately wounded.
The spray of energy hits the plant.
The plant is moderately damaged.
The blink frog blinks!
The blink frog hits you!
* * * LOW HITPOINT WARNING * * *
The blink frog hits the plant but does no damage.
The blink frog hits you!
You die...

#........#..F+#.................
#................F...#+........
#......♣♣♣....♣♣♣♣..............
#.§.F.♣ ♣♣..♣.♣♣.♣F............
#P...P ♣.P♣♣♣♣♣♣P.....#..#....#
#.... ♣.P. ♣.P♣.♣♣....+F.......
##..♣ ♣.P.P ♣..♣.P♣..!P.......#
#... ♣PP..# ♣♣PP.♣♣F..#.......#
... ♣.P..# #P@P♣♣♣...#.......#
♣♣PP# ##FFF♣.♣........P.. ♣.#
##PF.♣♣♣.P.Y...... #♣FP♣
♣.#........ #F....♣..........
#.♣..♣♣.#........
#.≈P♣.♣..........
#♣≈≈♣♣♣.......... ≈≈. .....F....


You could see 5 blink frogs.

Vanquished Creatures
  The ghost of Alipheese the Transmogrifier, a powerful NaTm of Cheibriados (Lair:1)
  A spiny frog (D:8)
  A two-headed ogre (D:9)
  2 trolls
  4 blink frogs
  6 yaks
  2 wolves (Lair:2)
  2 hippogriffs
  A human (D:7)
  7 porcupines (Lair:1)
  2 ice beasts
  2 sky beasts
  6 ogres
  2 black bears
  2 phantoms
  2 centaurs
  2 big kobolds
  6 giant frogs
  12 killer bees
  4 scorpions
  3 wights (D:9)
  4 crimson imps
  5 orc priests
  2 hounds
  A centaur zombie (D:9)
  A wasp zombie (D:10)
  A jelly (D:9)
  2 giant frog skeletons (D:4)
  Ijyb (D:2)
  3 iguanas
  9 orc wizards
  2 quasits
  A centaur skeleton (D:9)
  Jessica (D:2)
  6 worker ants
  Natasha (thrice) (D:3)
  A killer bee zombie (D:8)
  4 sheep (D:7)
  A big kobold zombie (Ossuary)
  A hound skeleton (D:8)
  8 mummies (Ossuary)
  2 worker ant zombies
  Robin (D:2)
  12 adders
  A shadow imp (D:9)
  A giant eyeball (D:9)
  An adder skeleton (D:8)
  7 worms
  3 giant geckos
  16 orcs
  4 giant cockroaches
  A gnoll zombie (Ossuary)
  12 hobgoblins
  4 jackals (D:1)
  4 quokkas
  2 ball pythons
  10 bats
  2 giant gecko skeletons
  4 giant newts
  12 goblins
  A hobgoblin zombie (Ossuary)
  9 kobolds
  A kobold zombie (Ossuary)
  4 orc zombies (Ossuary)
  17 rats
258 creatures vanquished.

Vanquished Creatures (others)
  A fungus (Lair:2)
  3 plants
4 creatures vanquished.

Grand Total: 262 creatures vanquished

Notes
Turn   | Place    | Note
--------------------------------------------------------------
     0 | D:1      | nubinia the Tengu Conjurer began the quest for the Orb.
     0 | D:1      | Reached XP level 1. HP: 10/10 MP: 4/4
   312 | D:1      | Reached XP level 2. HP: 15/15 MP: 1/6
   618 | D:1      | Reached skill level 6 in Conjurations
   771 | D:1      | Reached XP level 3. HP: 16/19 MP: 7/7
   908 | D:1      | Learned a level 3 spell: Dazzling Spray
  1094 | D:2      | Noticed Robin
  1390 | D:2      | Found a shattered altar of Ashenzari.
  1598 | D:2      | Noticed Ijyb
  1877 | D:2      | Reached XP level 4. HP: 22/24 MP: 3/8
  2001 | D:2      | Noticed Jessica
  2013 | D:2      | Killed Jessica
  2295 | D:2      | Gained mutation: You can fly. [Tengu growth]
  2295 | D:2      | Reached XP level 5. HP: 28/28 MP: 0/9
  2392 | D:2      | Found a shimmering altar of Xom.
  2430 | D:2      | Killed Robin
  2430 | D:2      | Reached skill level 1 in Fighting
  2635 | D:2      | Killed Ijyb
  2692 | D:3      | Noticed Natasha
  2702 | D:3      | Killed Natasha
  2996 | D:3      | Noticed Natasha
  2999 | D:3      | Killed Natasha
  3030 | D:3      | Found a deep blue altar of Sif Muna.
  3039 | D:3      | Became a worshipper of Sif Muna the Loreminder
  3049 | D:3      | Found a stormy altar of Qazlal.
  3051 | D:3      | Noticed a fire elemental
  3055 | D:3      | Noticed an air elemental
  3055 | D:3      | Noticed a water elemental
  3101 | D:3      | Noticed Natasha
  3101 | D:3      | Killed Natasha
  3608 | D:4      | Reached XP level 6. HP: 22/34 MP: 5/10
  3614 | D:4      | Learned a level 4 spell: Iskenderun's Mystic Blast
  3917 | D:4      | Reached skill level 7 in Conjurations
  4159 | D:4      | Found a staircase to the Ecumenical Temple.
  4438 | D:4      | Found a shadowy altar of Dithmenos.
  4465 | D:4      | Reached XP level 7. HP: 29/38 MP: 6/12
  5241 | D:5      | Entered Level 5 of the Dungeon
  5242 | D:5      | Reached skill level 1 in Armour
  5267 | D:5      | Reached skill level 1 in Short Blades
  5623 | D:5      | Found Doboh's Antique Armour Boutique.
  5631 | D:5      | Bought a distressingly furry cloak for 199 gold pieces
  5636 | D:5      | Identified the +2 cloak "Xiqedi" {rPois Regen+} (You bought it in a shop on level 5 of the Dungeon)
  5732 | D:5      | Acquired Sif Muna's first power
  5732 | D:5      | Reached skill level 8 in Conjurations
  5732 | D:5      | Reached XP level 8. HP: 43/43 MP: 7/15
  5746 | D:5      | Found an iron altar of Okawaru.
  5746 | D:5      | Found a snail-covered altar of Cheibriados.
  5806 | D:5      | Reached skill level 1 in Hexes
  6030 | D:6      | Found a sand-covered staircase.
  6044 | Ossuary  | Entered an ossuary
  6181 | Ossuary  | Reached skill level 1 in Invocations
  6476 | Ossuary  | Gained mutation: Scrolls take you a little longer to read. [potion of mutation]
  6476 | Ossuary  | Gained mutation: Your flesh is heat resistant. [potion of mutation]
  6658 | D:6      | Reached skill level 1 in Shields
  6743 | D:6      | Learned a level 2 spell: Swiftness
  7190 | D:6      | Lost mutation: Scrolls take you a little longer to read. [potion of cure mutation]
  7190 | D:6      | Lost mutation: Your flesh is heat resistant. [potion of cure mutation]
  7191 | D:6      | Gained mutation: You are partially covered in iridescent scales (AC +4). [potion of mutation]
  7191 | D:6      | Gained mutation: Your flesh is cold resistant. [potion of mutation]
  7191 | D:6      | Lost mutation: Your flesh is cold resistant. [potion of mutation]
  7192 | D:6      | Gained mutation: You are frail (-10% HP). [potion of mutation]
  7192 | D:6      | Gained mutation: Your spells are a little easier to cast, but a little less powerful. [potion of mutation]
  7192 | D:6      | Gained mutation: You are partially covered in yellow scales (AC +2). [potion of mutation]
  7398 | D:5      | Bought a glowing robe for 14 gold pieces
  7751 | D:7      | Reached skill level 1 in Air Magic
  7780 | D:7      | Reached skill level 5 in Dodging
  7793 | D:7      | Reached skill level 5 in Spellcasting
  7793 | D:7      | Reached XP level 9. HP: 31/43 MP: 7/17
  7810 | D:7      | Reached skill level 9 in Conjurations
  7956 | D:7      | Found a blossoming altar of Fedhas.
  7978 | D:7      | Noticed a moth of wrath
  8069 | D:7      | Found a bloodstained altar of Trog.
  8142 | D:7      | Acquired Sif Muna's second power
  8142 | D:7      | Reached skill level 5 in Stealth
  8478 | D:7      | Found a white marble altar of Elyvilon.
  8548 | D:8      | Got a smoking morningstar
  8549 | D:8      | Found a glowing silver altar of Zin.
  8928 | D:8      | Learned a level 5 spell: Iskenderun's Battlesphere
  9057 | D:8      | Reached skill level 1 in Charms
  9451 | D:9      | Reached XP level 10. HP: 47/47 MP: 17/19
  9484 | D:9      | Found a staircase to the Lair.
  9685 | D:9      | Reached skill level 10 in Conjurations
  9883 | D:9      | Paralysed by a giant eyeball for 2 turns
  9895 | D:9      | Reached skill level 5 in Air Magic
  9921 | D:9      | Paralysed by a giant eyeball for 2 turns
 10022 | D:9      | Found a shimmering altar of Xom.
 10464 | D:9      | Noticed an orange crystal statue
 10621 | D:9      | Noticed an ice statue
 10924 | D:10     | Entered Level 10 of the Dungeon
 10935 | D:10     | Found Fudips's Elemental Accessories.
 11498 | D:10     | Found a staircase to the Orcish Mines.
 11575 | Lair:1   | Entered Level 1 of the Lair of Beasts
 11775 | D:8      | Acquired Sif Muna's third power
 11885 | Lair:1   | Noticed Alipheese's ghost (powerful NaTm)
 11941 | Lair:1   | Reached XP level 11. HP: 43/51 MP: 21/21
 11987 | Lair:1   | Killed Alipheese's ghost
 11987 | Lair:1   | Reached skill level 11 in Conjurations
 12708 | Lair:1   | Noticed shakdrar's ghost (experienced TrMo)
 12819 | Lair:2   | HP: 2/51 [blink frog (12)]
 12828 | Lair:2   | Mangled by a blink frog

Vault maps used:
D:1:      lightli_arrival_lavapool
D:2:      nicolae_overflow_hidden_temple, minmay_large_rounded_square,
          st_stairs_3, xom_teletrap_fun, uniq_robin, uniq_jessica, uniq_iyjb
D:3:      nicolae_overflow_crystal_walls, nicolae_qazlal_style_of_elements,
          uniq_natasha
D:4:      lemuel_coloured_pillars_altar, minmay_temple_entry_nine_rooms,
          minmay_misc_feat_chi
D:5:      amethyst_overflow_temple_binary, first_bread, serial_shops,
          nicolae_shop_crystal
D:6:      nicolae_ossuary_entry_ruins, grunt_ministairs_7
D:7:      tgw_trog, lemuel_crystal_altar, lemuel_crystal_altar, grunt_livestock,
          eino_jars
D:8:      lemuel_round_altar
D:9:      minmay_separated_statues, old_standard_altar, lair_0_dummy,
          onia_ninara_cookie
D:10:     orc_0_dummy, nicolae_elemental_shop
Lair:1:   beast_lair_carwin_10, grunt_megastairs_2, lemuel_fruit_tree,
          infiniplex_staircase_pool
Lair:2:   wad_woods_minihive, uniq_fannar
Ossuary:  ossuary_tomb_3

Action                   |  1- 3 |  4- 6 |  7- 9 | 10-12 || total
-------------------------+-------+-------+-------+-------++-------
Melee: Dagger            |    64 |   127 |   273 |   205 ||   669
       Flail             |       |       |     1 |       ||     1
 Fire: Blowgun           |       |       |       |     4 ||     4
 Cast: Magic Dart        |    63 |    56 |   126 |    75 ||   320
       Dazzling Spray    |       |     7 |    41 |   112 ||   160
       Iskenderun's Myst |       |       |     7 |    19 ||    26
       Iskenderun's Batt |       |       |       |     9 ||     9
       Swiftness         |       |       |       |     3 ||     3
Invok: Channel Energy    |       |       |    43 |   139 ||   182
 Abil: Fly               |       |       |       |     1 ||     1
Evoke: Wand              |       |       |       |     2 ||     2
  Use: Scroll            |       |    10 |    11 |     1 ||    22
       Potion            |       |     2 |    10 |     7 ||    19
 Stab: Sleeping          |     1 |     6 |    12 |     8 ||    27
       Invisible         |       |     1 |    20 |    18 ||    39
       Distracted        |       |       |       |     2 ||     2
  Eat: Chunk             |     4 |     9 |    27 |    23 ||    63
       Meat ration       |       |       |       |     2 ||     2
       Beef jerky        |       |       |       |     2 ||     2
       Bread ration      |       |       |       |     1 ||     1
       Fruit             |       |       |       |     1 ||     1
